 Dungeon Crawl Stone Soup version 0.26-a0-376-g13fbb91ece (webtiles) character file.

Game seed: 5258394838587301653

625 Glokmah the Chiller (level 7, -6/51 HPs)
             Began as a Demonspawn Ice Elementalist on July 20, 2020.
             Was an Initiate of Nemelex Xobeh.
             Mangled by a wraith (12 damage)
             ... in an ossuary.
             The game lasted 00:11:04 (3957 turns).

Glokmah the Chiller (Demonspawn Ice Elementalist)   Turns: 3957, Time: 00:11:06

Health: -6/51      AC: 11    Str:  8    XL:     7   Next: 23%
Magic:  6/11       EV: 13    Int: 17    God:    Nemelex Xobeh [......]
Gold:   180        SH:  0    Dex: 17    Spells: 5/12 levels left

rFire    . . .     SeeInvis .   a - +3 dagger (speed)
rCold    . . .     Faith    .   (no shield)
rNeg     + . .     Spirit   .   p - +2 robe {rN+}
rPois    .         Reflect  .   f - +0 helmet
rElec    .         Harm     .   (no cloak)
rCorr    .                      (no gloves)
MR       .....                  (no boots)
Stlth    ++++++....             (no amulet)
HPRegen  0.17/turn              (no ring)
MPRegen  0.12/turn              (no ring)

@: icy armour, slowed, very slow
A: thin skeletal structure 1, nightstalker 3
a: Draw Escape, Draw Destruction, Draw Summoning, Renounce Religion


You were in an ossuary.
You worshipped Nemelex Xobeh.
Nemelex Xobeh was noncommittal.
You visited 1 branch of the dungeon, and saw 4 of its levels.
You also visited: Ossuary.

You collected 180 gold pieces.

Inventory:

Hand Weapons
 a - a +3 dagger of speed (weapon)
Missiles
 c - 32 poisoned darts (quivered)
 h - 73 stones
Armour
 f - a +0 helmet (worn)
 p - a +2 robe of positive energy (worn)
Jewellery
 n - a +6 ring of strength
Wands
 o - a wand of random effects (18)
Scrolls
 d - a scroll of teleportation
 g - 7 scrolls of identify
Potions
 b - a potion of mutation {unknown}
 i - a potion of magic {unknown}
 j - a potion of haste {unknown}
 k - a potion of lignification {unknown}
 l - 2 potions of invisibility
 m - 2 potions of brilliance {unknown}


   Skills:
 + Level 2.7 Fighting
 * Level 1.1 Short Blades
 + Level 3.1 Dodging
 * Level 3.7 Stealth
 + Level 3.3 Spellcasting
 * Level 5.4 Ice Magic
 + Level 1.1 Invocations


You had 5 spell levels left.
You knew the following spells:

 Your Spells              Type           Power        Failure   Level
a - Freeze                Ice            ###.         1%          1
b - Frozen Ramparts       Ice            ###...       5%          3
c - Ozocubu's Armour      Ice            ###.....     5%          3

Your spell library contained the following spells:

 Spells                   Type           Power        Failure   Level
 Hailstorm                Conj/Ice       ##......     50%         4
 Summon Ice Beast         Ice/Summ       ##......     50%         4


Dungeon Overview and Level Annotations

Branches:
Dungeon (4/15)            Ossuary (1/1)
 Temple: D:4-7

Altars:
Nemelex Xobeh

Annotations:
D:4 Menkaure


Innate Abilities, Weirdness & Mutations

You have a somewhat thin skeletal structure. (Dex +2, Stealth)
You are completely attuned to the shadows.


Message History

The wraith barely misses you.
Casting: Freeze (safe; 1% risk of failure)
Confirm with . or Enter, or press ? or * to list all spells.
Aiming: Freeze (safe; 1% risk of failure)
Press: ? - help, Shift-Dir - straight line, f/p - wraith
Aim: a wraith (almost destroyed)
The wraith resists.
You freeze the wraith.
The wraith is almost destroyed.
The wraith hits you!
* * * LOW HITPOINT WARNING * * *
The wraith barely misses you.
Casting: Freeze (safe; 1% risk of failure)
Confirm with . or Enter, or press ? or * to list all spells.
Aiming: Freeze (safe; 1% risk of failure)
Press: ? - help, Shift-Dir - straight line, f/p - wraith
Aim: a wraith (almost destroyed)
The wraith completely resists.
You freeze the wraith but do no damage. The wraith hits you!
You die...
Your body disappears without a glow.

###.# ### #######
...# #z# #.....#
#.###▓#####.8.8.#
#.'.....'.......'
.###.###▓#####.8.8.#
.....# #W# #.....#
.###.# ### #######
#W#.# #@.# ......#
#######


You could see a wraith.

Vanquished Creatures
  Sigmund (D:3)
  A black bear (D:3)
  An ogre (D:4)
  2 orc priests
  3 orc wizards
  Robin (D:3)
  7 adders
  An adder zombie (Ossuary)
  2 worms (D:2)
  A leopard gecko (D:1)
  9 orcs
  A ball python (D:1)
  6 goblins
  10 hobgoblins
  4 jackals (D:3)
  9 kobolds
  2 quokkas (D:3)
  5 bats
  8 frilled lizards
  5 hobgoblin skeletons (Ossuary)
  2 hobgoblin zombies (Ossuary)
  A kobold zombie (Ossuary)
  A quokka zombie (D:4)
  4 rats
  A rat zombie (D:4)
88 creatures vanquished.

Notes
Turn   | Place    | Note
-------+----------+-------------------------------------------
     0 | D:1      | Glokmah the Demonspawn Ice Elementalist began the quest for
                  | the Orb.
     0 | D:1      | Reached XP level 1. HP: 13/13 MP: 3/3
   262 | D:1      | Gained mutation: You are slightly more attuned to the
                  | shadows. [demonic ancestry]
   262 | D:1      | Reached XP level 2. HP: 3/20 MP: 3/5
  1144 | D:2      | Reached skill level 1 in Fighting
  1144 | D:2      | Reached skill level 4 in Ice Magic
  1144 | D:2      | Gained mutation: You are significantly more attuned to the
                  | shadows. [demonic ancestry]
  1144 | D:2      | Reached XP level 3. HP: 26/26 MP: 3/6
  1183 | D:1      | Learned a level 3 spell: Frozen Ramparts
  2239 | D:3      | Reached XP level 4. HP: 31/32 MP: 3/7
  2243 | D:3      | Noticed Sigmund
  2685 | D:3      | Killed Sigmund
  2685 | D:3      | Gained mutation: You have a somewhat thin skeletal
                  | structure. (Dex +2, Stealth) [demonic ancestry]
  2685 | D:3      | Reached XP level 5. HP: 21/38 MP: 0/9
  2865 | D:3      | Gained mutation: You are completely attuned to the shadows.
                  | [demonic ancestry]
  2865 | D:3      | Reached XP level 6. HP: 44/44 MP: 10/10
  2879 | D:3      | Reached skill level 5 in Ice Magic
  3146 | D:3      | Learned a level 3 spell: Ozocubu's Armour
  3324 | D:3      | Noticed Robin
  3328 | D:3      | Killed Robin
  3431 | D:2      | Found a sparkling altar of Nemelex Xobeh.
  3436 | D:2      | Became a worshipper of Nemelex Xobeh the Trickster
  3624 | D:4      | Reached XP level 7. HP: 51/51 MP: 7/11
  3662 | D:4      | Noticed Menkaure
  3717 | D:4      | Reached skill level 1 in Short Blades
  3717 | D:4      | Reached skill level 1 in Invocations
  3785 | D:4      | Found a sand-covered staircase.
  3810 | Ossuary  | Entered an ossuary
  3912 | Ossuary  | Noticed a flying skull
  3912 | Ossuary  | Noticed a wraith
  3924 | Ossuary  | Noticed a wraith
  3957 | Ossuary  | Mangled by a wraith

Illustrated notes

Levels and vault maps discovered:
D:1:      dpeg_arrival_oval, layout_loops_ring
D:2:      lemuel_upstairs_altar, layout_loops_cross, minmay_tromino_v4_a
D:3:      layout_basic, uniq_robin, uniq_sigmund
D:4:      layout_gridville, minmay_temple_entry_statues_pillars, serial_shops,
          shop, enter_ossuary_4, uniq_menkaure
Ossuary:  ossuary_due_cavern

Skill      XL: |  1  2  3  4  5  6  7 |
---------------+----------------------+-----
Dodging        | 2 3 |  3.1
Fighting       | 1 2 |  2.7
Stealth        | 2 3 |  3.7
Ice Magic      | 4 5 |  5.4
Spellcasting   | 3 |  3.3
Short Blades   | 1 |  1.1
Invocations    | 1 |  1.1

Action                   |  1- 3 |  4- 6 |  7- 9 || total
-------------------------+-------+-------+-------++-------
Melee: Whip              |     6 |       |       ||     6
       Dagger            |    26 |    45 |    48 ||   119
Throw: Dart              |       |     6 |       ||     6
 Cast: Freeze            |    39 |    22 |     7 ||    68
       Frozen Ramparts   |     3 |    15 |     2 ||    20
       Ozocubu's Armour  |       |       |     1 ||     1
  Use: Scroll            |       |       |     3 ||     3
       Potion            |       |       |     1 ||     1
 Stab: Sleeping          |     6 |     2 |    11 ||    19
Armor: Robe              |    13 |    13 |     2 ||    28
Dodge: Dodged            |    51 |    44 |    23 ||   118

Table legend: (Time is in decaauts)
 A = Elapsed time spent in this place.
 B = Non-inter-level travel time spent in this place.
 C = Inter-level travel time spent in this place.
 D = Time resting spent in this place.
 E = Time spent auto-exploring this place.
 F = Levels seen in this place.
 G = Mean time per level.
                   A        B        C        D        E       F      G
               +--------+--------+--------+--------+--------+-----+--------+
         Total |   3941 |   3833 |    108 |   1031 |   1724 |   5 |  788.2 |
       Dungeon |   3801 |   3693 |    108 |   1031 |   1701 |   4 |  950.2 |
       Ossuary |    140 |    140 |      0 |      0 |     23 |   1 |  140.0 |
               +--------+--------+--------+--------+--------+-----+--------+
